 Dungeon Sprint DCSS version 0.23.2-1-ga50397a (webtiles) character file.

Game seed: 2615763164760817687

3800000 Fang the Conqueror (level 24, -32/227 HPs)
             Began as a Demonspawn Gladiator on Apr 24, 2019.
             Was the Champion of Makhleb.
             Annihilated by The Servant
             ... wielding a +9 glaive of flaming
              (78 damage)
             ... in the Dungeon (Sprint VIII: "Arena of Blood").
             The game lasted 00:00:59 (38 turns).

Fang the Conqueror (Demonspawn Gladiator)             Turns: 38, Time: 00:01:00

Health: -32/227    AC: 10    Str: 22    XL:     24   Next: 57%
Magic:  22/54      EV: 33    Int: 11    God:    Makhleb [******]
Gold:   0          SH:  0    Dex: 18    Spells: 77/77 levels left

rFire    . . .     SeeInvis .   l - +∞ Axe of Woe
rCold    + . .     Gourm    .   (shield currently unavailable)
rNeg     + . .     Faith    .   b - +0 leather armour
rPois    .         Spirit   .   (helmet unavailable)
rElec    .         Reflect  .   (no cloak)
rCorr    +         Harm     .   (no gloves)
MR       +....     NoTele   +   (no boots)
Stlth    +++++++++.             (no amulet)
HPRegen  0.47/turn              (no ring)
MPRegen  0.34/turn              (no ring)

@: no status effects
A: horns 3, yellow scales 3, cold resistance 1, foul stench 2, negative energy
resistance 1, 50% torment resistance, rot immunity, freezing cloud immunity
a: Minor Destruction, Lesser Servant of Makhleb, Major Destruction, Greater
Servant of Makhleb, Renounce Religion


You were in the Dungeon.
You worshipped Makhleb.
Makhleb was exalted by your worship.
You were not hungry.

You visited 1 branch

Inventory:

Hand Weapons
 a - a +0 war axe
 l - the +∞ Axe of Woe (weapon)
   (You found it in the Dungeon)
Missiles
 d - 3 throwing nets (quivered)
Armour
 b - a +0 leather armour (worn)
 c - a +0 helmet
Scrolls
 k - a scroll of blinking
Potions
 e - a potion of curing
 g - a potion of heal wounds
 h - a potion of haste
 i - 2 potions of magic
 j - a potion of berserk rage
Comestibles
 f - a ration


   Skills:
 O Level 27 Fighting
 O Level 27 Axes
 O Level 27 Throwing
 O Level 27 Armour
 O Level 27 Dodging
 O Level 27 Stealth
 O Level 27 Unarmed Combat
 O Level 27 Spellcasting
 O Level 27 Invocations


You had 77 spell levels left.
You didn't know any spells.
Your spell library was empty.

Dungeon Overview and Level Annotations

Branches:
Dungeon (1/1)

Altars:
Makhleb

Annotations:
D The Servant


Innate Abilities, Weirdness & Mutations

You have a pair of large horns on your head.
You are completely covered in yellow scales. (AC +4, rCorr)
Your flesh is cold resistant. (rC+)
You frequently emit foul miasma when damaged in melee.
You resist negative energy. (rN+)
You are somewhat able to resist unholy torments (1 in 2 success).
You are immune to rotting.
You are immune to freezing clouds.


Message History

A bag of meat comes into view. It is wielding a +9 war axe.
You hear a shout!
A bag of meat comes into view. It is wielding a +9 war axe.
You hear a shout! x2
The destroyer shouts!
You slice the large abomination!!
You hew the large abomination savagely.
You destroy the large abomination!
Makhleb accepts your kill.
The destroyer appears out of thin air!
A destroyer comes into view.
It is wielding a +9 great sword of slicing.
You are engulfed in blazing flames.
You hear a shout! x3
The sculptor of flesh is engulfed in blazing flames.
You hear a shout!
The destroyer blinks!
The Servant hits you from afar with a +9 glaive of flaming!!!!!
Ouch! That really hurt!
* * * LOW HITPOINT WARNING * * *
The Servant burns you!!!!
You die... ...%...... o ......%... oo .......V. o.o

#z......# .#Oo
#...o...#
§o...###..x....###.
......☼§°)###......
#...O@☼z☼_......
#%...V○§#)☼...#..
V....@§x#_)<._#
#%.O.V..#..X..#
..#.V%....._.z....
%.........###......
.....###§.. ..###.
..... #... ..# #...
.#


You could see The Servant, 5 destroyers, 3 sculptors of flesh, a large bag of
meat (inner flame), a large abomination, 2 meat berserkers, a small abomination,
8 bags of meat and a crawling corpse.

Vanquished Creatures
  A vampire knight (D)
  13 ogres (D)
  5 two-headed ogres (D)
  18 orcs (D)
  A skeletal warrior (D)
  3 large abominations (D)
  3 small abominations (D)
  2 crawling corpses (D)
46 creatures vanquished.

Notes
Turn   | Place    | Note
-------+----------+-------------------------------------------
     0 | D        | Found the +∞ Axe of Woe
     0 | D        | Fang the Demonspawn Gladiator began the quest for the Orb.
     0 | D        | Reached XP level 1. HP: 16/16 MP: 1/1
     2 | D        | Noticed a bag of meat
     4 | D        | Became a worshipper of Makhleb the Destroyer
     8 | D        | Noticed a bag of meat
     9 | D        | Noticed a meat berserker
    10 | D        | Noticed a bag of meat
    12 | D        | Killed a bag of meat
    12 | D        | Gained mutation: Your flesh is cold resistant. (rC+)
                  | [demonic ancestry]
    12 | D        | Reached XP level 2. HP: 43/43 MP: 2/2
    12 | D        | Gained mutation: You have a pair of small horns on your
                  | head. [demonic ancestry]
    12 | D        | Reached XP level 3. HP: 49/49 MP: 3/3
    12 | D        | Gained mutation: You are partially covered in yellow
                  | scales. (AC +2) [demonic ancestry]
    12 | D        | Reached XP level 4. HP: 56/56 MP: 4/4
    12 | D        | Gained mutation: You have a pair of horns on your head.
                  | [demonic ancestry]
    12 | D        | Reached XP level 5. HP: 62/62 MP: 5/5
    12 | D        | Reached XP level 6. HP: 69/69 MP: 6/6
    12 | D        | Gained mutation: You have a pair of large horns on your
                  | head. [demonic ancestry]
    12 | D        | Reached XP level 7. HP: 75/75 MP: 7/7
    12 | D        | Gained mutation: You are mostly covered in yellow scales.
                  | (AC +3) [demonic ancestry]
    12 | D        | Reached XP level 8. HP: 82/82 MP: 8/8
    12 | D        | Reached XP level 9. HP: 88/88 MP: 9/9
    12 | D        | Gained mutation: You are immune to rotting. [demonic
                  | ancestry]
    12 | D        | Reached XP level 10. HP: 95/95 MP: 10/10
    12 | D        | Reached XP level 11. HP: 101/101 MP: 11/11
    12 | D        | Noticed a bag of meat
    12 | D        | Noticed a bag of meat
    13 | D        | Killed a bag of meat
    13 | D        | Reached * piety under Makhleb
    13 | D        | Reached skill level 15 in Axes
    13 | D        | Reached skill level 15 in Throwing
    13 | D        | Reached skill level 15 in Dodging
    13 | D        | Reached XP level 12. HP: 113/113 MP: 12/12
    13 | D        | Noticed a meat berserker
    13 | D        | Noticed a meat berserker
    13 | D        | Noticed a bag of meat
    13 | D        | Noticed a meat berserker
    14 | D        | Noticed a bag of meat
    14 | D        | Noticed a meat berserker
    14 | D        | Noticed a bag of meat
    14 | D        | Noticed a large bag of meat
    14 | D        | Noticed a bag of meat
    15 | D        | Killed a meat berserker
    15 | D        | Reached XP level 13. HP: 125/125 MP: 13/13
    15 | D        | Reached XP level 14. HP: 133/133 MP: 14/14
    15 | D        | Killed a bag of meat
    15 | D        | Noticed a meat berserker
    15 | D        | Noticed a meat berserker
    15 | D        | Noticed a bag of meat
    16 | D        | Killed a meat berserker
    16 | D        | Reached ** piety under Makhleb
    16 | D        | Gained mutation: You may emit foul miasma when damaged in
                  | melee. [demonic ancestry]
    16 | D        | Reached XP level 15. HP: 146/146 MP: 15/15
    16 | D        | Noticed a meat berserker
    17 | D        | Killed a meat berserker
    17 | D        | Gained mutation: You are completely covered in yellow
                  | scales. (AC +4, rCorr) [demonic ancestry]
    17 | D        | Reached XP level 16. HP: 138/157 MP: 16/16
    17 | D        | Killed a meat berserker
    17 | D        | Killed a meat berserker
    17 | D        | Reached *** piety under Makhleb
    17 | D        | Reached XP level 17. HP: 171/171 MP: 17/17
    17 | D        | Noticed a meat berserker
    18 | D        | Killed a meat berserker
    18 | D        | Reached skill level 27 in Fighting
    19 | D        | Noticed a large bag of meat
    20 | D        | Gained mutation: You resist negative energy. (rN+) [demonic
                  | ancestry]
    20 | D        | Reached XP level 18. HP: 182/182 MP: 18/18
    20 | D        | Reached **** piety under Makhleb
    20 | D        | Reached skill level 27 in Axes
    20 | D        | Reached skill level 27 in Throwing
    20 | D        | Reached skill level 27 in Dodging
    20 | D        | Reached skill level 1 in Armour
    20 | D        | Reached skill level 1 in Stealth
    20 | D        | Reached skill level 1 in Unarmed Combat
    20 | D        | Reached skill level 1 in Spellcasting
    20 | D        | Reached skill level 1 in Invocations
    21 | D        | Killed a meat berserker
    22 | D        | Killed a large bag of meat
    22 | D        | Gained mutation: You frequently emit foul miasma when
                  | damaged in melee. [demonic ancestry]
    22 | D        | Reached XP level 19. HP: 189/189 MP: 18/35
    23 | D        | Killed a meat berserker
    23 | D        | Reached ***** piety under Makhleb
    23 | D        | Reached skill level 15 in Armour
    23 | D        | Reached skill level 15 in Unarmed Combat
    23 | D        | Reached skill level 15 in Spellcasting
    24 | D        | Killed a meat berserker
    24 | D        | Reached XP level 20. HP: 197/197 MP: 18/41
    24 | D        | Noticed a meat berserker
    25 | D        | Noticed a large bag of meat
    25 | D        | Noticed a large bag of meat
    25 | D        | Noticed a destroyer
    27 | D        | Noticed a large bag of meat
    27 | D        | Killed a large bag of meat
    27 | D        | Killed a large bag of meat
    27 | D        | Reached skill level 27 in Invocations
    27 | D        | Gained mutation: You are somewhat able to resist unholy
                  | torments (1 in 2 success). [demonic ancestry]
    27 | D        | Reached XP level 21. HP: 175/204 MP: 19/46
    28 | D        | Reached ****** piety under Makhleb
    29 | D        | Noticed The Servant
    30 | D        | Reached XP level 22. HP: 212/212 MP: 19/50
    31 | D        | Killed a large bag of meat
    31 | D        | Reached skill level 27 in Stealth
    31 | D        | Reached skill level 27 in Armour
    31 | D        | Reached skill level 27 in Unarmed Combat
    31 | D        | Reached skill level 27 in Spellcasting
    31 | D        | Killed a destroyer
    32 | D        | Reached XP level 23. HP: 219/219 MP: 20/54
    33 | D        | Killed a large bag of meat
    34 | D        | Gained mutation: You are immune to freezing clouds.
                  | [demonic ancestry]
    34 | D        | Reached XP level 24. HP: 227/227 MP: 20/54
    35 | D        | Noticed a destroyer
    36 | D        | Noticed a destroyer
    37 | D        | Noticed a destroyer
    37 | D        | Noticed a destroyer
    38 | D        | Annihilated by The Servant

Skill      XL: |  1  2  3  4  5  6  7  8  9 10 11 12 13 14 15 16 17 18 19 20 21 22 |
---------------+-------------------------------------------------------------------+-----
Fighting       | 14 16 19 22 23 26 27 | 27.0
Axes           | 13 15 18 20 22 24 26 27 | 27.0
Throwing       | 13 15 18 20 22 24 26 27 | 27.0
Dodging        | 13 15 18 20 22 24 26 27 | 27.0
Armour         | 12 17 21 24 27 | 27.0
Stealth        | 13 18 23 26 27 | 27.0
Unarmed Combat | 12 17 21 24 27 | 27.0
Spellcasting   | 12 17 21 24 27 | 27.0
Invocations    | 16 22 27 | 27.0

Action                   |  1- 3 |  4- 6 |  7- 9 | 10-12 | 13-15 | 16-18 | 19-21 | 22-24 || total
-------------------------+-------+-------+-------+-------+-------+-------+-------+-------++-------
Melee: Executioner's axe |     1 |       |       |     2 |     2 |     4 |     7 |     7 ||    23
Dodge: Dodged            |       |       |       |       |       |       |     1 |       ||     1
